Match 47041318
Unlisted

Match 47041318
End
Construct Section Command Post
Selects Air and Sea Battlegroup
Infantry Section
Infantry Section
Infantry Section
Dingo Light Scout Car
Construct Platoon Command Post
Selects Supply Surplus
Construct Field Infirmary
6-pounder Anti-tank Gun Team
Infantry Section
Selects Commando Section Paradrop
Selects M1 Pack Howitzer Paradrop
Construct Company Command Post
CMP 15cwt Truck
Krifuji Nagisa
goodgame
那么唯一
HarryBot
The101stAirBorne ITA
BamboneWertherone ITA
Capibimbambombolilalone ITA
FLOKL
0
0

Comments sign in to comment!

No comments posted yet!